 Dungeon Crawl Stone Soup version 0.27.0-1-g7a089689b8 (webtiles) character file.

Game seed: 6704884524392851001

62 ZombieSheep the Skirmisher (level 4, -6/37 HPs)
             Began as a Formicid Abyssal Knight on Aug 3, 2021.
             Was a Believer of Lugonu.
             Killed by divine providence
             ... invoked by an orc priest
              (13 damage)
             ... on level 2 of the Dungeon.
             The game lasted 00:03:52 (2275 turns).

ZombieSheep the Skirmisher (FoAK)                   Turns: 2275, Time: 00:03:53

Health: -6/37      AC:  9    Str: 18    XL:     4   Next: 28%
Magic:  6/6        EV:  7    Int: 11    God:    Lugonu [**....]
Gold:   78         SH:  0    Dex: 10    Spells: 3/3 levels left

rFire    . . .     SeeInvis +   a - +1 spear
rCold    . . .     Faith    .   (no shield)
rNeg     . . .     Spirit   .   g - +0 chain mail
rPois    .         Reflect  .   (helmet unavailable)
rElec    .         Harm     .   (no cloak)
rCorr    .         Rampage  .   (no gloves)
Will     .....                  (no boots)
Stlth    ..........             (no amulet)
HPRegen  0.12/turn              (no ring)
MPRegen  0.10/turn              (no ring)

@: no status effects
A: permanent stasis, dig shafts and tunnels, antennae 3, four strong arms
a: Dig, Shaft Self, Renounce Religion, Depart the Abyss, Bend Space


You were on level 2 of the Dungeon.
You worshipped Lugonu.
Lugonu was pleased with you.
You visited 1 branch of the dungeon, and saw 2 of its levels.
You visited the Abyss 1 time.

You collected 78 gold pieces.

Inventory:

Hand Weapons
 a - a +1 spear (weapon)
Armour
 f - a +1 leather armour of cold resistance
 g - a +0 chain mail (worn)
Jewellery
 b - an amulet of magic regeneration
Scrolls
 c - a scroll of fear {unknown}
 d - a scroll of enchant weapon {unknown}


   Skills:
 + Level 3.7 Fighting
 + Level 2.6 Polearms
 + Level 2.8 Armour
 + Level 1.5 Dodging
 + Level 2.9 Invocations


You had 3 spell levels left.
You didn't know any spells.
Your spell library was empty.

Dungeon Overview and Level Annotations

Branches:
Dungeon (2/15)

Altars:


Innate Abilities, Weirdness & Mutations

You cannot be hasted, slowed, berserked, paralysed or teleported.
You can dig through walls and to a lower floor.
You have a pair of large antennae on your head. (SInv)
Your four strong arms can wield two-handed weapons with a shield.


Message History

You start resting.
HP restored.
Things that are here:
a +0 war axe; a +0 chain mail; an orc corpse
g - a +0 chain mail You start removing your armour.
You continue taking off your +0 ring mail. x4
You finish taking off your +0 ring mail.
You start putting on your armour.
You continue putting on your +0 chain mail. x5
You finish putting on your +0 chain mail.
Drop what? 7/52 slots (_ for help) (? for menu, Esc to quit)
You drop a +0 ring mail.
The orc priest shouts!
You hear a shout!
Things that are here:
a +0 club; a +0 whip of flaming
There is an open door here.
Things that are here:
a +0 mace; an orc corpse You reach to attack!
You closely miss the orc priest.
The orc priest invokes the aid of Beogh against you.
Beogh smites you!
A goblin comes into view. It is wielding a +0 dagger.
The goblin shouts!
You reach to attack!
You completely miss the orc priest.
The orc priest invokes the aid of Beogh against you.
Pain shoots through your body!
* * * LOW HITPOINT WARNING * * *
Reach: a) +1 spear
Press: ? - help, Dir - move target, f/p - orc priest
Aim: an orc priest, wielding a +0 club and wearing a +0 leather armour of cold resistance (about 40% to evade your +1 spear)
You reach to attack!
You hit the orc priest but do no damage.
Reach: a) +1 spear
Press: ? - help, Dir - move target, f/p - orc priest
Aim: an orc priest, wielding a +0 club and wearing a +0 leather armour of cold resistance (about 40% to evade your +1 spear)
You hit the orc priest but do no damage.
The orc priest invokes the aid of Beogh against you.
Beogh smites you!
You die...

#####............#§§.#
######...........§§§§..
##
##...##.##+#+#####+§§§§#
..
.................§.8§§§.
#.
##...##.####.###.§§§§P..
#.. #...##......#
#..§.§..§
#..##...##[######
#..§§§...
####...#...##)#
#########
........o..##@#######
....##.##....o.)....# 8
#{ #......(....# #.
#...........# #o
#####g####### #. ... ##
... { ... 8.. ....


You could see an orc priest and a goblin.

Vanquished Creatures
  A gnoll (D:2)
  2 dart slugs (D:1)
  4 orcs (D:2)
  2 ball pythons
  A bat skeleton (D:2)
  A bat zombie (D:2)
  3 endoplasms
  A giant cockroach (D:1)
  5 goblins
  3 hobgoblins (D:1)
  A quokka (D:1)
  4 bats
  3 frilled lizards
  6 kobolds
  A quokka skeleton (D:2)
  3 rats
41 creatures vanquished.

Vanquished Creatures (others)
  2 withered plants (D:2)
2 creatures vanquished.

Grand Total: 43 creatures vanquished

Notes
Turn   | Place    | Note
-------+----------+-------------------------------------------
     0 | Abyss:1  | ZombieSheep the Formicid Abyssal Knight began the quest for
                  | the Orb.
     0 | Abyss:1  | Reached XP level 1. HP: 18/18 MP: 2/2
    22 | D:1      | Escaped the Abyss
   229 | D:1      | Reached skill level 1 in Dodging
   422 | D:1      | Reached XP level 2. HP: 19/24 MP: 3/3
   980 | D:1      | Found a faded altar of an unknown god.
   986 | D:1      | Reached XP level 3. HP: 29/29 MP: 4/4
  1147 | D:1      | Reached ** piety under Lugonu
  1915 | D:2      | Reached XP level 4. HP: 37/37 MP: 6/6
  2275 | D:2      | Killed from afar by an orc priest

Illustrated notes

Levels and vault maps discovered:
D:1:      psy_arrival_basics, layout_loops_cross,
          hellmonk_ecumenical_altar_slurped_away
D:2:      layout_basic, serial_undead, serial_undead_f, serial_undead_a,
          serial_undead_b, serial_undead_e, serial_undead_d, serial_undead_c,
          serial_undead_d

Skill      XL: |  1 |
---------------+----+-----
Dodging        | 1 |  1.5
Fighting       | |  3.7
Polearms       | |  2.6
Armour         | |  2.8
Invocations    | |  2.9

Action                   |  1- 3 |  4- 6 || total
-------------------------+-------+-------++-------
Melee: Spear             |   106 |    46 ||   152
  Use: Potion            |     2 |       ||     2
Armor: Leather armour    |    11 |       ||    11
       Ring mail         |    11 |    14 ||    25
Dodge: Dodged            |    59 |    23 ||    82
